 Dungeon Crawl Stone Soup version 0.23.2-40-g277498a (webtiles) character file.

Game seed: 1071703228870133776

165 SplatTastic the Slasher (level 5, -3/41 HPs)
             Began as a Mummy Fighter on Oct 9, 2019.
             Killed by divine providence
             ... invoked by an orc priest
              (13 damage)
             ... on level 3 of the Dungeon.
             The game lasted 00:04:15 (2257 turns).

SplatTastic the Slasher (Mummy Fighter)             Turns: 2257, Time: 00:04:16

Health: -3/41      AC:  7    Str: 21    XL:     5   Next: 22%
Magic:  5/5        EV:  7    Int:  7    God:
Gold:   152        SH:  9    Dex: 11    Spells: 4/4 levels left

rFire    x . .     SeeInvis .   a - +0 long sword
rCold    + . .     Gourm    .   c - +0 shield
rNeg     + + +     Faith    .   b - +0 scale mail
rPois    ∞         Spirit   .   (no helmet)
rElec    .         Reflect  .   (no cloak)
rCorr    .         Harm     .   (no gloves)
MR       .....                  j - +0 pair of boots
Stlth    ..........             g - amulet of regeneration
HPRegen  0.53/turn              (no ring)
MPRegen  0.09/turn              (no ring)

@: no status effects
A: no food or potions, fire vulnerability, cold resistance 1, negative energy
resistance 3, torment resistance, unbreathing
a: no special abilities


You were on level 3 of the Dungeon.
You were not hungry.

You visited 1 branch of the dungeon, and saw 3 of its levels.

You collected 152 gold pieces.


Innate Abilities, Weirdness & Mutations

You do not eat or drink.
Your flesh is vulnerable to fire.
You are immune to poison.
Your flesh is cold resistant. (rC+)
You are immune to negative energy. (rN+++)
You are immune to unholy pain and torment.
You can survive without breathing.


   Skills:
 - Level 3.0 Fighting
 * Level 4.5 Long Blades
 - Level 2.4 Armour
 - Level 2.4 Shields


You had 4 spell levels left.
You didn't know any spells.
Your spell library was empty.

Inventory:

Hand Weapons
 a - a +0 long sword (weapon)
Armour
 b - a +0 scale mail (worn)
 c - a +0 shield (worn)
 j - a +0 pair of boots (worn)
Jewellery
 g - an amulet of regeneration (around neck)
 D - a +3 ring of dexterity
Wands
 h - a wand of digging (3)
Scrolls
 d - 2 scrolls of teleportation {unknown}
 e - a scroll of magic mapping
 f - a scroll of enchant weapon {unknown}
 k - 2 scrolls of remove curse {@r2}
 l - a scroll of fog {unknown}

Dungeon Overview and Level Annotations

Branches:
Dungeon (3/15)

Altars:

#..(..††.........
.......##.............
######.##...#..####.# .#
#.##......## # .#
######.##..# .# ..#
###.##..###.# .##
............#.# #..##
###............ ......
........@.##..o. .....≈
≈....#####.## .o.
≈≈..≈≈≈≈≈....####ol## ..
≈§.§≈≈≈≈≈...........# .
§§§§≈≈≈≈≈........$..# .
§§§§≈≈≈≈≈...%.......#...
≈§§≈≈≈≈≈≈.≈.............
≈§≈≈≈≈≈≈≈≈≈≈.............
.≈≈≈≈§≈≈≈≈...............


You could see an iguana and an orc priest.


Message History

The iguana is lightly wounded.
The iguana bites you.
Your scale mail prevents you from hitting the iguana.
The iguana is lightly wounded.
The iguana bites you.
* * * LOW HITPOINT WARNING * * *
The iguana barely misses you.
Evoke which item? (* to show all) (? for menu, Esc to quit)
Okay, then.
You hit the iguana but do no damage.
The iguana is lightly wounded.
The iguana bites you!
* * * LOW HITPOINT WARNING * * *
Evoke which item? (* to show all) (? for menu, Esc to quit)
Aiming: Dig
Press: ? - help, Shift-Dir - straight line A rock wall.
The rock shatters into small pieces.
The iguana bites you.
* * * LOW HITPOINT WARNING * * *
Unknown command.
You block the iguana's attack.
Found a hunting sling.
The orc priest shouts!
Found a stone staircase leading down.
The iguana bites you.
* * * LOW HITPOINT WARNING * * *
You see here 13 gold pieces.
The orc priest calls down the wrath of Beogh upon you.
Beogh smites you!
You die...

Skill      XL: |  1  2  3  4 |
---------------+-------------+-----
Long Blades    | 2 3 4 |  4.5
Fighting       | |  3.0
Armour         | |  2.4
Shields        | |  2.4

Action                   |  1- 3 |  4- 6 || total
-------------------------+-------+-------++-------
Melee: Long sword        |   164 |    93 ||   257
Evoke: Wand              |       |     1 ||     1
  Use: Scroll            |       |     4 ||     4
Armor: Scale mail        |    85 |    39 ||   124
Dodge: Dodged            |    49 |    28 ||    77
Block: Shield            |    77 |    56 ||   133
       Rpst.: Long sword |    20 |    10 ||    30

Levels and vault maps discovered:
D:1:      onia_arrival_handbag, layout_loops_corners
D:2:      layout_loops_ring, grunt_ministairs_2
D:3:      layout_basic, lemuel_old_faithful

Notes
Turn   | Place    | Note
-------+----------+-------------------------------------------
     0 | D:1      | SplatTastic the Mummy Fighter began the quest for the Orb.
     0 | D:1      | Reached XP level 1. HP: 18/18 MP: 1/1
    22 | D:1      | Reached skill level 2 in Long Blades
    43 | D:1      | Reached XP level 2. HP: 24/24 MP: 2/2
   427 | D:1      | Reached XP level 3. HP: 25/29 MP: 3/3
   636 | D:1      | Reached skill level 3 in Long Blades
  1613 | D:3      | Reached XP level 4. HP: 23/35 MP: 4/4
  1873 | D:3      | Reached skill level 4 in Long Blades
  2160 | D:3      | Reached XP level 5. HP: 23/41 MP: 5/5
  2257 | D:3      | Killed from afar by an orc priest

Vanquished Creatures
  An orc priest (D:3)
  2 adders (D:3)
  4 gnolls
  An ooze (D:2)
  3 leopard geckos
  5 orcs
  5 giant cockroaches
  6 goblins
  8 hobgoblins
  A quokka (D:3)
  3 ball pythons
  8 bats
  2 frilled lizards (D:1)
  8 kobolds
  12 rats
69 creatures vanquished.

Table legend:
 A = Turns spent in this place as a percentage of turns spent in the entire game.
 B = Non-inter-level travel turns spent in this place as a percentage of non-inter-level travel turns spent in the entire game.
 C = Inter-level travel turns spent in this place as a percentage of turns spent in this place.
 D = Turns resting spent in this place as a percentage of non-inter-level travel turns spent in this place.
 E = Turns spent auto-exploring this place as a percentage of non-inter-level travel turns spent in this place.
 F = Non-inter-level travel turns spent in this place divided by the number of levels of this place that you've seen.
                   A       B       C       D       E      F
               +-------+-------+-------+-------+-------+----------------------
         Total | 100.0 | 100.0 |   3.9 |  16.3 |  57.6 | 723.0
       Dungeon | 100.0 | 100.0 |   3.9 |  16.3 |  57.6 | 723.0
               +-------+-------+-------+-------+-------+----------------------

Table legend:
 A = Non-vault XP
 B = Vault XP
 C = Vault XP percentage of total XP
 D = Non-vault monster count
 E = Vault monster count
 F = Vault count percentage of total count
                 A         B        C        D         E       F
            +---------+---------+-------+---------+---------+-------
      Total |     230 |       7 |   3.0 |      63 |       6 |   8.7
            +---------+---------+-------+---------+---------+-------
        D:1 |      58 |       4 |   6.5 |      29 |       4 |  12.1
        D:2 |      21 |       3 |  12.5 |       9 |       2 |  18.2
        D:3 |     151 |       0 |   0.0 |      25 |       0 |   0.0
            +---------+---------+-------+---------+---------+-------
